 Dungeon Sprint DCSS version 0.17-a0-1210-g1e4f09d (webtiles) character file.

21585 Kidiri the Unseen (level 12, -2/71 HPs)
             Began as a Spriggan Assassin on June 3, 2015.
             Was the Champion of Dithmenos.
             Slain by a Shadow Fiend (4 damage)
             ... summoned by a deep elf demonologist
             ... in the Dungeon (Sprint III: "The Ten Rune Challenge").
             The game lasted 00:36:42 (4180 turns).

Kidiri the Unseen (Spriggan Assassin)               Turns: 4180, Time: 00:36:42

Health: -2/71      AC:  5    Str:  7    XL:     12   Next: 55%
Magic:  10/19      EV: 38    Int: 13    God:    Dithmenos [******]
Gold:   2952       SH:  0    Dex: 24    Spells: 0 memorised, 11 levels left

rFire  . . .     SeeInvis +     b - +0 blowgun
rCold  . . .     Clarity  .     z - +2 robe {MR+}
rNeg   + + +     SustAt   .     (shield restricted)
rPois  ∞         Gourm    .     (helmet restricted)
rElec  .         Spirit   .     d - +0 cloak
rCorr  .         Warding  .     (gloves unavailable)
rMut   .         NoTele   +     (boots unavailable)
MR     +++++                    (no amulet)
Stlth  ++++++++++               (no ring)
                                (no ring)

@: shadow-form (expiring), very slightly contaminated, wreathed by umbra,
drained, invisible (expiring), very quick, immune to hostile enchantments,
uncannily stealthy
A: unfitting armour, claws 1, see invisible, agile 1, herbivore 3, speed 3,
mutation resistance 1, slow metabolism 2
a: End Transformation, Shadow Step, Shadow Form, Renounce Religion


You were in the Dungeon.
You worshipped Dithmenos.
Dithmenos was exalted by your worship.
You were not hungry.
You were a swirling mass of dark shadows.
You visited 1 branch You collected 2952 gold pieces.

Inventory:

Hand weapons
 a - a +2 dagger
 b - a +0 blowgun (weapon)
Missiles
 e - 4 poisoned needles
 i - 3 curare-tipped needles
 m - 2 throwing nets
 p - 3 needles of paralysis (quivered)
 y - 3 tomahawks
Armour
 c - a +0 robe
 d - a +0 cloak (worn)
 w - a +2 robe of cold resistance
 z - a +2 robe of magic resistance (worn)
Jewellery
 f - a +1 ring of slaying {unknown}
 h - an uncursed ring of positive energy {unknown}
Scrolls
 o - a scroll of holy word
 q - a scroll of remove curse
 x - a scroll of fog {unknown}
Potions
 j - a potion of haste
 k - 3 potions of magic
 l - 2 potions of berserk rage
 r - 2 potions of might
 s - a potion of cure mutation
 t - a potion of flight
Comestibles
 g - 2 bread rations
 n - 29 royal jellies
 v - a fruit


   Skills:
 * Level 12.2(11.5) Fighting
 * Level 15.1(14.4) Short Blades
 * Level 15.3(14.6) Throwing
 * Level 19.0(18.2) Dodging
 * Level 20.7(20.0) Stealth
 + Level 9.3(8.7) Invocations


You had 11 spell levels left.
You didn't know any spells.

Dungeon Overview and Level Annotations

Branches:
Dungeon (1/1)

Altars:
Cheibriados
Dithmenos
Elyvilon
Fedhas
Gozag
Kikubaaqudgha
Makhleb
Nemelex Xobeh
Okawaru
Qazlal
Ru
Sif Muna
Trog
Vehumet
Xom
Yredelemnul
Zin
The Shining One
Jiyva
Lugonu

Shops:
D }?(}


Innate Abilities, Weirdness & Mutations

You are tiny and cannot use many weapons and most armour.
You have supernaturally acute eyesight.
You are a herbivore.
You cover ground extremely quickly.
You need consume almost no food.
You have sharp fingernails.
You are agile. (Dex +2)
You are somewhat resistant to further mutation.


Message History

* * * LOW HITPOINT WARNING * * *
You emit a cloud of dark smoke.
You feel drained.
The Shadow Fiend completely misses you. x2
Drink which item? (? for menu, Esc to quit)
Okay, then.
Wield which item (- for none, * to show all)? (? for menu, Esc to quit)
Okay, then.
Read which item? (? for menu, Esc to quit)
As you read the scroll labeled YCIPIOSHIV, it crumbles to dust.
You feel blessed for a moment.
It was a scroll of remove curse.
The deep elf death mage casts a spell at you.
The bolt of negative energy hits the Shadow Fiend.
The Shadow Fiend completely resists.
The bolt of negative energy misses you. The Shadow Fiend completely misses you.
The Shadow Fiend closely misses you. The Shadow Fiend completely misses you.
Read which item? (? for menu, Esc to quit)
As you read the scroll of holy word, it crumbles to dust.
You speak a Word of immense power!
The Shadow Fiend convulses!
The Shadow Fiend hits you!
You die...

##################
#.).##.ee3'§§§§§e#
#.))##≈≈≈≈##§e##1#
#...≈≈24.3.§§§§#W#
#...##≈≈≈4##§§##e#
'...##..2ee2§..§§#
##################
################
..#......'...≈≈#
#.#......#...≈≈###
.##......#...≈≈≈≈#
)'.......#...≈≈≈≈#


You could see a Shadow Fiend (dazed), a deep elf death mage and a deep elf
demonologist.

Vanquished Creatures
  Frances (D)
  Polyphemus (D)
  Ilsuiw (D)
  Maud (D)
  Wiglaf (D)
  A merfolk javelineer (D)
  A deep elf high priest (D)
  2 hydras (D)
  Erolcha (D)
  A sea snake (D)
  A death drake (D)
  A deep elf summoner (D)
  A lindwurm (D)
  A spriggan druid (D)
  3 deep elf conjurers (D)
  An orc knight (D)
  An orc sorcerer (D)
  2 spiny frogs (D)
  A komodo dragon (D)
  2 deep elf priests (D)
  3 wandering mushrooms (D)
  A queen bee (D)
  4 redbacks (D)
  2 spriggans (D)
  2 trapdoor spiders (D)
  A shadow (D)
  2 hill giants (D)
  A spatial vortex (D)
  2 orc warriors (D)
  A necrophage (D)
  2 brain worms (D)
  3 two-headed ogres (D)
  A water elemental (D)
  A scorpion (D)
  28 killer bees (D)
  An electric eel (D)
  A jelly (D)
  4 orc wizards (D)
  A necromancer (D)
  An orc priest (D)
  A wizard (D)
  3 sheep (D)
  3 humans (D)
  A kobold demonologist (D)
  9 orcs (D)
  4 rats (D)
108 creatures vanquished.

Vanquished Creatures (others)
  2 draconian scorchers (D)
  3 yaktaurs (D)
  2 orc high priests (D)
  3 killer bees (D)
  2 orc priests (D)
  10 plants (D)
22 creatures vanquished.

Grand Total: 130 creatures vanquished

Notes
Turn   | Place    | Note
--------------------------------------------------------------
     0 | D        | Kidiri the Spriggan Assassin began the quest for the Orb.
     0 | D        | Reached XP level 1. HP: 10/10 MP: 2/2
     9 | D        | Reached skill level 6 in Stealth
    49 | D        | Reached skill level 1 in Short Blades
    91 | D        | Noticed a scorpion
   114 | D        | Killed a scorpion
   114 | D        | Reached skill level 7 in Stealth
   114 | D        | Reached XP level 2. HP: 16/16 MP: 3/3
   114 | D        | Reached XP level 3. HP: 19/19 MP: 4/4
   136 | D        | Reached skill level 8 in Stealth
   187 | D        | Gained mutation: You are somewhat resistant to further mutation. [potion of mutation]
   188 | D        | Gained mutation: You have sharp fingernails. [potion of mutation]
   188 | D        | Gained mutation: You are agile. (Dex +2) [potion of mutation]
   224 | D        | Noticed a water elemental
   227 | D        | Killed a water elemental
   227 | D        | Reached skill level 5 in Throwing
   227 | D        | Reached skill level 9 in Stealth
   227 | D        | Reached XP level 4. HP: 23/25 MP: 5/5
   257 | D        | Noticed a jelly
   258 | D        | Noticed a shadow
   260 | D        | Killed a shadow
   260 | D        | Reached skill level 5 in Short Blades
   260 | D        | Reached skill level 10 in Stealth
   260 | D        | Reached XP level 5. HP: 28/30 MP: 6/6
   264 | D        | Killed a jelly
   264 | D        | Reached XP level 6. HP: 32/35 MP: 7/7
   291 | D        | Found a stormy altar of Qazlal.
   291 | D        | Found a sacrificial altar of Ru.
   291 | D        | Found a burning altar of Makhleb.
   291 | D        | Found a shimmering altar of Xom.
   291 | D        | Noticed a spatial vortex
   292 | D        | Found a viscous altar of Jiyva.
   292 | D        | Found a shadowy altar of Dithmenos.
   292 | D        | Found a sparkling altar of Nemelex Xobeh.
   292 | D        | Found a corrupted altar of Lugonu.
   292 | D        | Found an opulent altar of Gozag.
   294 | D        | Killed a spatial vortex
   294 | D        | Reached skill level 5 in Fighting
   294 | D        | Reached skill level 11 in Stealth
   298 | D        | Became a worshipper of Dithmenos the Shadowed
   313 | D        | Found a snail-covered altar of Cheibriados.
   313 | D        | Noticed a necrophage
   315 | D        | Noticed a necromancer
   331 | D        | Killed a necrophage
   345 | D        | Killed a necromancer
   345 | D        | Reached skill level 1 in Invocations
   346 | D        | Found a basalt altar of Yredelemnul.
   346 | D        | Found a blossoming altar of Fedhas.
   350 | D        | Killed a white draconian scorcher
   360 | D        | Killed a white draconian scorcher
   408 | D        | Killed a yaktaur
   515 | D        | Found a glowing silver altar of Zin.
   515 | D        | Found a glowing golden altar of the Shining One.
   515 | D        | Found a white marble altar of Elyvilon.
   515 | D        | Noticed a deep elf priest
   518 | D        | Killed a deep elf priest
   518 | D        | Reached skill level 10 in Dodging
   518 | D        | Reached skill level 12 in Stealth
   518 | D        | Reached XP level 7. HP: 38/38 MP: 7/9
   527 | D        | Found a radiant altar of Vehumet.
   527 | D        | Found a deep blue altar of Sif Muna.
   527 | D        | Found an ancient bone altar of Kikubaaqudgha.
   527 | D        | Noticed a wizard
   529 | D        | Killed a wizard
   531 | D        | Acquired Dithmenos's first power
   548 | D        | Found an iron altar of Okawaru.
   548 | D        | Found a bloodstained altar of Trog.
   548 | D        | Noticed a human
   549 | D        | Noticed a human
   551 | D        | Killed a human
   552 | D        | Killed a human
   552 | D        | Reached skill level 13 in Stealth
   552 | D        | Reached XP level 8. HP: 43/43 MP: 5/11
   556 | D        | Killed a yaktaur
   619 | D        | Noticed a two-headed ogre
   619 | D        | Noticed a two-headed ogre
   623 | D        | Killed a two-headed ogre
   625 | D        | Killed a two-headed ogre
   627 | D        | Noticed a two-headed ogre
   628 | D        | Killed a two-headed ogre
   643 | D        | Noticed a hill giant
   646 | D        | Killed a hill giant
   646 | D        | Acquired Dithmenos's second power
   650 | D        | Noticed a hill giant
   650 | D        | Noticed Erolcha
   652 | D        | Killed Erolcha
   652 | D        | Reached skill level 10 in Throwing
   652 | D        | Reached skill level 14 in Stealth
   652 | D        | Reached XP level 9. HP: 47/49 MP: 11/13
   653 | D        | Killed a hill giant
   700 | D        | Noticed a redback
   704 | D        | Noticed a trapdoor spider
   729 | D        | Killed a redback
   729 | D        | Reached skill level 10 in Short Blades
   747 | D        | Killed a trapdoor spider
  1056 | D        | Noticed a trapdoor spider
  1062 | D        | Killed a trapdoor spider
  1062 | D        | Acquired Dithmenos's third power
  1062 | D        | Reached skill level 15 in Stealth
  1187 | D        | Noticed Wiglaf
  1187 | D        | Noticed Frances
  1193 | D        | Noticed a sun demon
  1315 | D        | Killed an orc priest
  1316 | D        | Killed an orc priest
  1323 | D        | Killed an orc high priest
  1369 | D        | Killed an orc high priest
  1381 | D        | Noticed a soul eater
  1396 | D        | Killed Wiglaf
  1396 | D        | Reached skill level 5 in Invocations
  1808 | D        | Noticed a rust devil
  1813 | D        | Killed Frances
  1813 | D        | Reached skill level 16 in Stealth
  1813 | D        | Reached XP level 10. HP: 56/58 MP: 15/15
  1968 | D        | Noticed a yaktaur
  1974 | D        | Noticed a yaktaur captain
  1974 | D        | Noticed a yaktaur
  1983 | D        | Noticed a wandering mushroom
  1987 | D        | Noticed a wandering mushroom
  1987 | D        | Noticed a wandering mushroom
  1988 | D        | Killed a wandering mushroom
  1992 | D        | Killed a wandering mushroom
  1992 | D        | Reached skill level 15 in Dodging
  1995 | D        | Killed a wandering mushroom
  1995 | D        | Reached skill level 17 in Stealth
  2020 | D        | Killed a yaktaur
  2056 | D        | Noticed a spiny frog
  2056 | D        | Noticed a komodo dragon
  2056 | D        | Noticed a spiny frog
  2073 | D        | Killed a spiny frog
  2361 | D        | Killed a komodo dragon
  2368 | D        | Killed a spiny frog
  2398 | D        | Noticed a redback
  2400 | D        | Killed a redback
  2401 | D        | Noticed a brain worm
  2404 | D        | Killed a brain worm
  2407 | D        | Noticed a brain worm
  2409 | D        | Killed a brain worm
  2409 | D        | Acquired Dithmenos's fourth power
  2471 | D        | Noticed a lindwurm
  2472 | D        | Noticed a redback
  2473 | D        | Killed a lindwurm
  2473 | D        | Reached skill level 10 in Fighting
  2473 | D        | Reached XP level 11. HP: 63/63 MP: 12/17
  2482 | D        | Killed a redback
  2516 | D        | Noticed a redback
  2517 | D        | Killed a redback
  2518 | D        | Noticed Maud
  2520 | D        | Killed Maud
  2520 | D        | Reached skill level 18 in Stealth
  2547 | D        | Noticed an electric eel
  2548 | D        | Noticed a seven-headed hydra
  2548 | D        | Noticed a seven-headed hydra
  2549 | D        | Killed an electric eel
  2551 | D        | Killed a seven-headed hydra
  2552 | D        | Killed a seven-headed hydra
  2562 | D        | Noticed a death drake
  2564 | D        | Killed a death drake
  2637 | D        | Found a blossoming altar of Fedhas.
  2637 | D        | Noticed a spriggan
  2637 | D        | Noticed a spriggan druid
  2637 | D        | Noticed a spriggan
  2640 | D        | Killed a spriggan druid
  2641 | D        | Killed a spriggan
  2642 | D        | Killed a spriggan
  2678 | D        | Noticed Polyphemus
  2693 | D        | Killed Polyphemus
  2693 | D        | Reached skill level 19 in Stealth
  2818 | D        | Noticed Ilsuiw
  2821 | D        | Killed Ilsuiw
  2836 | D        | Found Feumua's Magic Scroll Emporium.
  2836 | D        | Found Buci Fucy's Antique Weapon Shop.
  2836 | D        | Found Baing's Gadget Shoppe.
  2836 | D        | Noticed a sea snake
  2836 | D        | Noticed a merfolk javelineer
  2840 | D        | Killed a merfolk javelineer
  2840 | D        | Reached XP level 12. HP: 70/70 MP: 13/19
  2847 | D        | Killed a sea snake
  2877 | D        | Noticed a polar bear simulacrum
  2877 | D        | Noticed a fire dragon simulacrum
  3260 | D        | Noticed a killer bee
  3260 | D        | Noticed a killer bee
  3260 | D        | Noticed a killer bee
  3260 | D        | Noticed a killer bee
  3260 | D        | Noticed a killer bee
  3260 | D        | Noticed a killer bee
  3260 | D        | Noticed a killer bee
  3260 | D        | Noticed a killer bee
  3260 | D        | Noticed a killer bee
  3260 | D        | Noticed a killer bee
  3260 | D        | Noticed a killer bee
  3260 | D        | Noticed a killer bee
  3260 | D        | Noticed a killer bee
  3260 | D        | Noticed a killer bee
  3260 | D        | Noticed a killer bee
  3261 | D        | Noticed a killer bee
  3261 | D        | Noticed a killer bee
  3261 | D        | Noticed a killer bee
  3261 | D        | Noticed a killer bee
  3261 | D        | Noticed a killer bee
  3261 | D        | Noticed a killer bee
  3261 | D        | Noticed a killer bee
  3261 | D        | Noticed a killer bee
  3261 | D        | Noticed a killer bee
  3261 | D        | Noticed a queen bee
  3261 | D        | Noticed a killer bee
  3261 | D        | Noticed a killer bee
  3261 | D        | Noticed a killer bee
  3261 | D        | Noticed a killer bee
  3261 | D        | Noticed a killer bee
  3261 | D        | Noticed a killer bee
  3261 | D        | Noticed a killer bee
  3261 | D        | Noticed a killer bee
  3262 | D        | Killed a killer bee
  3263 | D        | Killed a killer bee
  3269 | D        | Killed a killer bee
  3272 | D        | Killed a killer bee
  3289 | D        | Killed a killer bee
  3312 | D        | Killed a killer bee
  3314 | D        | Killed a killer bee
  3327 | D        | Killed a killer bee
  3335 | D        | Killed a killer bee
  3343 | D        | Killed a killer bee
  3344 | D        | Killed a killer bee
  3366 | D        | Killed a killer bee
  3370 | D        | Killed a killer bee
  3395 | D        | Killed a killer bee
  3399 | D        | Killed a killer bee
  3405 | D        | Killed a killer bee
  3427 | D        | Killed a killer bee
  3430 | D        | Killed a killer bee
  3430 | D        | Reached skill level 20 in Stealth
  3435 | D        | Killed a killer bee
  3440 | D        | Killed a killer bee
  3444 | D        | Killed a killer bee
  3448 | D        | Killed a killer bee
  3463 | D        | Killed a killer bee
  3469 | D        | Killed a killer bee
  3476 | D        | Killed a killer bee
  3509 | D        | Killed a killer bee
  3568 | D        | Killed a killer bee
  3621 | D        | Killed a killer bee
  3628 | D        | Killed a killer bee
  3635 | D        | Killed a queen bee
  3670 | D        | Killed a killer bee
  3765 | D        | Killed a killer bee
  3789 | D        | Found Gijeinu's Gadget Boutique.
  3790 | D        | Noticed an orc wizard
  3791 | D        | Noticed an orc priest
  3791 | D        | Noticed an orc sorcerer
  3791 | D        | Noticed an orc wizard
  3791 | D        | Noticed an orc knight
  3791 | D        | Noticed an orc wizard
  3791 | D        | Noticed an orc warrior
  3791 | D        | Noticed an orc wizard
  3791 | D        | Noticed an orc warrior
  3796 | D        | Killed an orc priest
  3805 | D        | Killed an orc warrior
  3808 | D        | Killed an orc warrior
  3825 | D        | Killed an orc wizard
  3828 | D        | Killed an orc wizard
  3836 | D        | Killed an orc knight
  3848 | D        | Killed an orc sorcerer
  3866 | D        | Killed an orc wizard
  3889 | D        | Killed an orc wizard
  3994 | D        | Noticed a deep elf priest
  3994 | D        | Noticed a deep elf summoner
  3994 | D        | Noticed a deep elf conjurer
  3994 | D        | Noticed a deep elf conjurer
  3994 | D        | Noticed a deep elf conjurer
  4002 | D        | Noticed a deep elf conjurer
  4008 | D        | Killed a deep elf summoner
  4008 | D        | Reached skill level 15 in Throwing
  4026 | D        | Killed a deep elf priest
  4043 | D        | Killed a deep elf conjurer
  4051 | D        | Killed a deep elf conjurer
  4051 | D        | Reached skill level 15 in Short Blades
  4054 | D        | Killed a deep elf conjurer
  4055 | D        | Noticed a deep elf demonologist
  4120 | D        | Noticed a deep elf conjurer
  4139 | D        | Noticed a deep elf high priest
  4141 | D        | Noticed a deep elf demonologist
  4142 | D        | Noticed a deep elf blademaster
  4143 | D        | Noticed an Ice Fiend
  4145 | D        | Killed a deep elf high priest
  4148 | D        | Noticed a Shadow Fiend
  4151 | D        | HP: 1/71 [deep elf blademaster (11)]
  4153 | D        | Noticed a deep elf death mage
  4168 | D        | Noticed a reaper
  4169 | D        | Noticed a blizzard demon
  4178 | D        | HP: 2/71 [Shadow Fiend[a deep elf demonologist] (4)]
  4180 | D        | Slain by a Shadow Fiend

Vault maps used:
D:        dungeon_sprint_mu

Action                   |  1- 3 |  4- 6 |  7- 9 | 10-12 || total
-------------------------+-------+-------+-------+-------++-------
Melee: Dagger            |     9 |    32 |    43 |   235 ||   319
 Fire: Blowgun           |    11 |     2 |    23 |    61 ||    97
Throw: Throwing net      |       |       |     3 |    28 ||    31
       Tomahawk          |       |       |       |     1 ||     1
Invok: Shadow Step       |       |       |     2 |    15 ||    17
       Shadow Form       |       |       |       |     1 ||     1
  Use: Scroll            |     4 |       |       |     3 ||     7
       Potion            |     2 |       |     2 |     1 ||     5
 Stab: Sleeping          |     4 |     4 |    10 |    34 ||    52
       Held in net/web   |       |       |     5 |    15 ||    20
       Paralysed         |       |       |       |    10 ||    10
       Distracted        |       |       |       |     4 ||     4
  Eat: Fruit             |       |       |       |     5 ||     5
